 Dungeon Crawl Stone Soup version 0.21.1-1-g345015f (webtiles) character file.

2973 wojtek the Cleaver (level 9, -1/117 HPs)
             Began as a Minotaur Fighter on July 11, 2018.
             Was a Priest of Okawaru.
             Succumbed to a killer bee's poison
             ... on level 7 of the Dungeon.
             The game lasted 00:08:17 (5263 turns).

wojtek the Cleaver (Minotaur Fighter)               Turns: 5263, Time: 00:08:18

Health: -1/117     AC: 14    Str: 33    XL:     9   Next: 53%
Magic:  12/12      EV:  8    Int:  5    God:    Okawaru [***...]
Gold:   196        SH: 12    Dex: 10    Spells: 8/8 levels left

rFire    . . .     SeeInvis .   a - +0 war axe
rCold    + . .     Gourm    +   c - +0 shield
rNeg     . . .     Faith    .   B - +1 plate armour {rC+}
rPois    .         Spirit   .   (helmet restricted)
rElec    .         Reflect  .   (no cloak)
rCorr    +         Harm     .   (no gloves)
MR       .....                  (no boots)
Stlth    ..........             y - amulet "Maasutz" {Gourm Str+4}
HPRegen  0.29/turn              h - ring of resist corrosion
MPRegen  0.13/turn              (no ring)

@: berserking (expiring), lethally poisoned (-1 -> -18), very quick
A: retaliatory headbutt, horns 2
a: Heroism, Renounce Religion


You were on level 7 of the Dungeon.
You worshipped Okawaru.
Okawaru was most pleased with you.
You were completely stuffed.

You visited 1 branch of the dungeon, and saw 7 of its levels.

You collected 322 gold pieces.
You spent 126 gold pieces at shops.

Inventory:

Hand Weapons
 a - a +0 war axe (weapon)
Armour
 c - a +0 shield (worn)
 B - a +1 plate armour of cold resistance (worn)
Jewellery
 h - a ring of resist corrosion (left hand)
 y - the amulet "Maasutz" (around neck) {Gourm Str+4}
   (You took it off an orc on level 5 of the Dungeon)

   [amulet of the gourmand]

   It allows you to eat raw meat even when not hungry.
   It affects your strength (+4).
 H - the ring "Geblel" {rElec EV+6 Slay+5, unknown}
   (You found it on level 7 of the Dungeon)

   [ring of evasion]

   It affects your evasion (+6).
   It affects your accuracy and damage with ranged weapons and melee attacks
   (+5).
   It insulates you from electricity.
Wands
 q - a wand of random effects (34)
 F - a wand of acid (11)
Scrolls
 b - 4 scrolls of blinking {unknown}
 e - 4 scrolls of identify {unknown}
 g - 2 scrolls of remove curse {unknown}
 i - 2 scrolls of noise {unknown}
 k - a scroll of enchant armour {unknown}
 l - 3 scrolls of teleportation {unknown}
 s - 3 scrolls of amnesia {unknown}
 u - a scroll of fear {unknown}
 v - a scroll of random uselessness {unknown}
 w - a scroll of magic mapping {unknown}
 z - 2 scrolls of silence {unknown}
 C - a scroll of enchant weapon {unknown}
 D - a scroll of holy word {unknown}
Potions
 d - 3 potions of might
 j - a potion of lignification {unknown}
 m - a potion of heal wounds {unknown}
 n - a potion of berserk rage
 o - 2 potions of flight {unknown}
 p - 2 potions of curing {unknown}
 r - a potion of haste {unknown}
 t - 3 potions of ambrosia
 x - 2 potions of agility {unknown}
 E - a potion of degeneration {unknown}
Books
 A - a book of Minor Magic

   Spells                             Type                      Level
   a - Magic Dart                     Conjuration                  1
   b - Blink                          Translocation                2
   c - Call Imp                       Summoning                    2
   d - Slow                           Hexes                        2
   e - Conjure Flame                  Conjuration/Fire             3
   f - Mephitic Cloud                 Conjuration/Poison/Air       3
Comestibles
 f - 12 rations
 G - 5 chunks of flesh


   Skills:
 + Level 6.8 Fighting
 + Level 8.3 Axes
 + Level 6.8 Armour
 + Level 5.1 Dodging
 + Level 6.8 Shields
 * Level 6.0 Invocations


You had 8 spell levels left.
You didn't know any spells.

Dungeon Overview and Level Annotations

Branches:
Dungeon (7/15)             Temple (0/1) D:7

Altars:
Cheibriados
Kikubaaqudgha
Nemelex Xobeh
Okawaru
Ru
Yredelemnul
The Shining One

Shops:
D:5 *   D:6 *


Innate Abilities, Weirdness & Mutations

You reflexively headbutt those who attack you in melee.
You have a pair of horns on your head.


Message History

You feel sick. You block the killer bee's attack.
Unknown command.
Unknown command.
You slash the killer bee!
The killer bee is severely wounded.
* * * LOW HITPOINT WARNING * * *
You feel sick. The killer bee completely misses you. You furiously retaliate!
You headbutt the killer bee!
You kill the killer bee!
Okawaru accepts your kill.
You are too berserk!
There is a lethal amount of poison in your body!
* * * LOW HITPOINT WARNING * * *
You feel sick.
Unknown command.
You feel a strong urge to attack something.
* * * LOW HITPOINT WARNING * * *
You feel sick.
Unknown command.
You die...

.........#.......PP.P.#
#.....##.......PP>.P#
#.
##.....##..........P.#
#..
#........#.#####.PP..#
#.# #..........##
#####..
#..##...........# #####
#..##............#
#.....
#..#..†.####..#.#
#..... #(..##@# ##...#
#..... #..###†# #...
...... #..# ..#
#......... #..#.###
#...#.... ##.#. .....
#.. #.... #.. . ...
#...


There were no monsters in sight!

Vanquished Creatures
  The ghost of Swet the Skirmisher, an amateur MiBe of Trog (D:3)
  An ice beast (D:5)
  3 phantoms
  An orc warrior (D:6)
  4 sky beasts
  A centaur (D:5)
  4 ogres
  A big kobold (D:5)
  A bullfrog (D:6)
  2 scorpions
  6 killer bees (D:7)
  5 wights (D:6)
  3 crimson imps
  2 hounds
  3 orc priests (D:5)
  A jelly (D:5)
  Jessica (D:2)
  8 orc wizards
  An iguana (D:6)
  4 worker ants
  3 gnolls
  10 adders
  A shadow imp (D:6)
  An ooze (D:1)
  An adder skeleton (D:7)
  2 worms
  3 dart slugs
  4 leopard geckos
  21 orcs
  6 bats
  A bat zombie (D:4)
  8 giant cockroaches
  9 goblins
  11 hobgoblins
  10 jackals
  11 kobolds
  2 quokkas
  8 frilled lizards
  A leopard gecko skeleton (D:4)
  8 rats
  A rat zombie (D:4)
175 creatures vanquished.

Notes
Turn   | Place    | Note
-------+----------+-------------------------------------------
     0 | D:1      | wojtek the Minotaur Fighter began the quest for the Orb.
     0 | D:1      | Reached XP level 1. HP: 19/19 MP: 0/0
    18 | D:1      | Reached skill level 3 in Axes
    21 | D:1      | Reached XP level 2. HP: 25/26 MP: 1/1
   149 | D:1      | Reached skill level 4 in Axes
   413 | D:1      | Reached XP level 3. HP: 31/31 MP: 2/2
   736 | D:2      | Reached skill level 5 in Axes
   767 | D:2      | Reached XP level 4. HP: 26/39 MP: 3/3
   986 | D:2      | Noticed Jessica
   991 | D:2      | Killed Jessica
  1130 | D:2      | Reached skill level 6 in Axes
  1409 | D:2      | Reached XP level 5. HP: 46/46 MP: 4/4
  1794 | D:3      | Found a snail-covered altar of Cheibriados.
  2019 | D:3      | Reached skill level 1 in Dodging
  2122 | D:3      | Noticed Swet's ghost (amateur MiBe)
  2138 | D:3      | Killed Swet's ghost
  2138 | D:3      | Reached XP level 6. HP: 52/53 MP: 5/5
  2149 | D:3      | Found an iron altar of Okawaru.
  2165 | D:3      | Became a worshipper of Warmaster Okawaru
  2195 | D:3      | Found a glowing golden altar of the Shining One.
  2467 | D:3      | Noticed a sky beast
  2474 | D:3      | Killed a sky beast
  2474 | D:3      | Reached skill level 1 in Invocations
  2665 | D:4      | Reached XP level 7. HP: 51/60 MP: 5/7
  3038 | D:4      | Found a basalt altar of Yredelemnul.
  3053 | D:4      | Reached skill level 5 in Shields
  3139 | D:4      | Found an ancient bone altar of Kikubaaqudgha.
  3207 | D:4      | Reached * piety under Okawaru
  3300 | D:5      | Entered Level 5 of the Dungeon
  3320 | D:5      | Reached skill level 5 in Fighting
  3320 | D:5      | Reached skill level 5 in Armour
  3354 | D:5      | Found a sacrificial altar of Ru.
  3362 | D:5      | Reached skill level 7 in Axes
  3377 | D:5      | Reached XP level 8. HP: 38/68 MP: 9/9
  3387 | D:5      | Reached ** piety under Okawaru
  3394 | D:5      | Got a scintillating graven amulet
  3505 | D:4      | Identified the amulet "Maasutz" {Gourm Str+4} (You took it off an orc on level 5 of the Dungeon)
  3809 | D:5      | Found the +7 longbow "Piercer" {penet, EV-2}
  3852 | D:5      | Found Vogyhum's Assorted Antiques.
  3861 | D:5      | Bought a scroll labeled BEKONO CEZUPRA for 21 gold pieces
  3861 | D:5      | Bought a scroll labeled ZOIM BITERYVIC for 21 gold pieces
  3861 | D:5      | Bought a scroll labeled USIORI XUOSAURPH for 21 gold pieces
  3861 | D:5      | Bought a scroll labeled YNIXTO EQIOF for 21 gold pieces
  3861 | D:5      | Bought a scroll labeled RAICSI GEICVIGG for 21 gold pieces
  3861 | D:5      | Bought a scroll labeled TUESIM SOC for 21 gold pieces
  4291 | D:6      | Reached skill level 5 in Invocations
  4298 | D:6      | Reached XP level 9. HP: 74/75 MP: 11/11
  4444 | D:6      | Reached *** piety under Okawaru
  4646 | D:6      | Reached skill level 8 in Axes
  4834 | D:6      | Found a sparkling altar of Nemelex Xobeh.
  4940 | D:6      | Found Weychisa's Assorted Antiques.
  5085 | D:7      | Got a clouded jade ring
  5198 | D:7      | Found a staircase to the Ecumenical Temple.
  5244 | D:7      | Reached skill level 5 in Dodging
  5258 | D:7      | HP: 5/117 [poisoned by a killer bee]
  5260 | D:7      | HP: 2/117 [poisoned by a killer bee]
  5263 | D:7      | Succumbed to a killer bee's poison

Skill      XL: |  1  2  3  4  5  6  7  8  9 |
---------------+----------------------------+-----
Axes           | 3 4 5 6 7 8 |  8.3
Dodging        | 1 2 3 4 5 |  5.1
Shields        | 4 5 6 |  6.8
Fighting       | 4 5 6 |  6.8
Armour         | 4 5 6 |  6.8
Invocations    | 1 3 5 6 |  6.0

Action                   |  1- 3 |  4- 6 |  7- 9 || total
-------------------------+-------+-------+-------++-------
Melee: War axe           |    63 |   158 |   296 ||   517
       Headbutt          |    12 |    20 |    58 ||    90
  Use: Potion            |       |       |     2 ||     2
 Stab: Invisible         |       |       |     1 ||     1
  Eat: Chunk             |       |     6 |    19 ||    25
Armor: Scale mail        |    25 |    54 |       ||    79
       Chain mail        |       |    12 |    72 ||    84
       Plate armour      |       |       |    95 ||    95
Dodge: Dodged            |    20 |    39 |    94 ||   153
Block: Shield            |    34 |    87 |   186 ||   307
